Unix NetHack Version 3.7.0-102 Work-in-progress - last build Apr 7 2024 00:22:53 (d302a6a9ff6341f1a922d8f5af178406b35fdf99,branch:master). Game began 2024-04-25 17:05:22, ended 2024-04-25 17:11:09. Ted, neutral male gnomish Wizard --------- ---- |.......| --------- $ |..| ----- |........ ----------- |........########...| |...| |.......| |(........| ##-.......| ---- ###....| ----.---- |..0)..<.%.#####|....`..| ## |...| # ---.-------#### -.------- # |.>..# # ############# ## # -----# # # # #### # # # # #### %### ## # ------.--- ###--------------- ###### ### ## |.........#####|.............| #---.---------- ### # |........|#####..............| #|............| # ####0#### |.........# #|.............| #|.%.Z........| Z###########0 |........| -.............| %|........Z...-##:@# #--.---- |......... |.............| #|............| #+.....| |........| --------------- #|`.......{...| #|.....| ---------- ###0-.-----+------ #......| # |.....| ------- Ted the Conjurer St:7 Dx:13 Co:17 In:19 Wi:10 Ch:9 Neutral S:1889 Dlvl:3 $:1505 HP:0(26) Pw:27(29) AC:10 Xp:3/56 T:704 Latest messages: Something is written here in the dust. You read: "XX??PX??". The dwarf zombie hits! You hit the dwarf zombie. The dwarf zombie hits! You miss the dwarf zombie. The dwarf zombie hits! You miss the dwarf zombie. In what direction? n The spell hits the dwarf zombie! You destroy the dwarf zombie! In what direction? y The spell hits the gas spore! You kill the gas spore! Boom! The kobold zombie hits! With great effort you move the boulder. You destroy the kobold zombie! You see here a kobold corpse. The orc zombie hits! You destroy the orc zombie! Welcome to experience level 3. You destroy the orc zombie! You destroy the gnome zombie! The gnome zombie hits! You destroy the gnome zombie! The dwarf zombie hits! You miss the dwarf zombie. You hit the dwarf zombie! You miss the dwarf zombie. The dwarf zombie hits! You miss the dwarf zombie. The dwarf zombie hits! You destroy the dwarf zombie! With great effort you move the boulder. You try to move the boulder, but in vain. x - a black potion. y - a sapphire ring. You descend the stairs. You climb up the stairs. You miss the iguana. The iguana bites! You hit the iguana. The iguana bites! The orc zombie hits! You hit the iguana. The iguana bites! The orc zombie hits! You die... Do you want your possessions identified? [ynq] (y) q Inventory: Coins $ - 1505 gold pieces Amulets w - an uncursed amulet of life saving Weapons u - a +0 dwarvish mattock a - a blessed +1 quarterstaff (weapon in hands) Armor b - an uncursed +0 cloak of magic resistance Comestibles p - 2 uncursed kebabs s - an uncursed fortune cookie Scrolls h - an uncursed scroll of create monster q - an uncursed scroll of enchant armor i - an uncursed scroll of light Spellbooks l - an uncursed spellbook of chain lightning k - a blessed spellbook of force bolt r - an uncursed spellbook of restore ability Potions x - an uncursed potion of extra healing t - a blessed potion of healing f - 2 uncursed potions of monster detection g - an uncursed potion of speed Rings d - an uncursed ring of free action e - an uncursed ring of searching y - an uncursed ring of stealth Wands n - a wand of digging (0:2) c - a wand of magic missile (0:5) v - a wand of probing (0:3) Tools m - a magic marker (0:19) Gems/Stones o - an uncursed worthless piece of orange glass Ted the Wizard's attributes: Background: You were a Conjurer, a level 3 male gnomish Wizard. You were neutral, on a mission for Thoth who was opposed by Ptah (lawful) and Anhur (chaotic). You were right-handed. You were in the Dungeons of Doom, on level 3. You entered the dungeon 704 turns ago. There was a full moon in effect when your adventure ended. You had 56 experience points, 24 more were needed to attain level 4. Your score was 1889 before end-of-game adjustments. Basics: You had 0 out of 26 hit points. You had 27 out of 29 energy points (spell power). Your armor class was 10. Your wallet contained 1505 zorkmids. Autopickup was on for '$"=/!?' plus thrown. Final Characteristics: Your strength was 7 (limit:18/50). Your dexterity was 13 (limit:18). Your constitution was 17 (limit:18). Your intelligence was 19 (limit:19). Your wisdom was 10 (limit:18). Your charisma was 9 (limit:18). Final Status: You weren't hungry. You were unencumbered. You were wielding a quarterstaff. You had basic skill with quarterstaff. You weren't wearing any armor. Final Attributes: You were fervently aligned. You had infravision. You were lucky. You are dead. Miscellaneous: You never encountered a bones level. Total elapsed playing time was 5 minutes and 46 seconds. Major events: Turn 1: Ted the neutral male gnomish Wizard entered the dungeon 620: attained the rank of Conjurer (level 3) 704: killed by an orc zombie Vanquished creatures: 2 orc zombies 2 dwarf zombies a gas spore 4 gnome zombies 2 goblins a sewer rat a grid bug 3 lichens 5 kobold zombies 21 creatures vanquished. No species were genocided or became extinct. Voluntary challenges: You followed a strict vegan diet. You were an atheist. You read items or engraved 3 times. You never engraved Elbereth. You never had a pet. You never genocided any monsters. You never polymorphed an object. You never changed form. You used no wishes. Achievement: You attained the rank of Conjurer. The Dungeons of Doom: levels 1 to 4 Level 1: A grave. Level 2: Level 3: <- You were here. A fountain. Final resting place for you, killed by an orc zombie. Level 4: A sink. Game over: ---------- / \ / REST \ / IN \ / PEACE \ / \ | Ted | | 1505 Au | | killed by an orc | | zombie | | | | | | 2024 | *| * * * | * _________)/\\_//(\/(/\)/\//\/|_)_______ Goodbye Ted the Wizard... You died in The Dungeons of Doom on dungeon level 3 with 1739 points, and 1505 pieces of gold, after 704 moves. You were level 3 with a maximum of 26 hit points when you died.